 Dungeon Crawl Stone Soup version 0.31-a0-182-gc5ef74bbde (webtiles) character file.

Game seed: 17211819295502834306

11888 qw the Cleaver (level 11, -3/69 HPs)
             Began as a Gargoyle Fighter on June 20, 2023.
             Was an Elder of Okawaru.
             Slain by a death yak (16 damage)
             ... on level 1 of the Lair of Beasts.
             The game lasted 00:04:46 (9502 turns).

qw the Cleaver (Gargoyle Fighter)                   Turns: 9502, Time: 00:04:47

Health: -3/69      AC: 32    Str: 24    XL:     11   Next: 84%
Magic:  14/14      EV: 13    Int:  9    God:    Okawaru [****..]
Gold:   969        SH: 12    Dex:  9    Spells: 10/10 levels left

rFire   . . .        Y - +2 broad axe (venom)
rCold   . . .        f - +0 kite shield
rNeg    + . .        r - +0 plate armour
rPois   inf          l - +0 helmet
rElec   +            (no cloak)
rCorr   .            c - +0 pair of gloves
SInv    .            u - +0 pair of boots
Will    .....        (no amulet) Stlth
                     i - +4 ring of protection
HPRegen 0.31/turn    k - +5 ring of evasion
MPRegen 0.14/turn

%: no passive effects
@: heroic
A: sickness immunity, AC +8, negative energy resistance 1, electricity
resistance, torment resistance 1, petrification resistance
a: Renounce Religion, Heroism, Finesse


You were on level 1 of the Lair of Beasts.
You worshipped Okawaru.
Okawaru was greatly pleased with you.
You visited 3 branches of the dungeon, and saw 11 of its levels.
You also visited: Ossuary.

You collected 969 gold pieces.


Innate Abilities, Weirdness & Mutations

You are immune to sickness and miasma.
Your stone body is resilient. (AC +8)
You are immune to poison.
You resist negative energy. (rN+)
You are resistant to electric shocks. (rElec)
You are resistant to unholy torment.
You are immune to petrification.


   Skills:
 + Level 8.8(13.8) Fighting
 - Level 11.0(16.0) Axes
 - Level 2.4(7.4) Throwing
 - Level 8.0(13.0) Armour
 - Level 1.2(6.2) Dodging
 - Level 10.4(15.4) Shields
 + Level 4.0 Invocations


You had 10 spell levels left.
You didn't know any spells.
Your spell library was empty.

Inventory:

Hand Weapons
 n - a +0 flail
 Y - a +2 broad axe of venom (weapon)
Armour
 c - a +0 pair of gloves (worn)
 f - a +0 kite shield (worn)
 l - a +0 helmet (worn)
 r - a +0 plate armour (worn)
 t - the +2 robe of Fortitude {-Cast Contam rPois rCorr}
   (You found it on level 9 of the Dungeon)

   rPois:     It protects you from poison.
   -Cast:     It prevents spellcasting.
   Contam:    It causes magical contamination when unequipped.
   rCorr:     It protects you from acid and corrosion.
 u - a +0 pair of boots (worn)
Jewellery
 i - a +4 ring of protection (left hand)
 k - a +5 ring of evasion (right hand)
Scrolls
 a - a scroll of acquirement {unknown}
 h - 3 scrolls of identify
 m - a scroll of teleportation
Potions
 b - a potion of enlightenment
 d - 2 potions of might
 g - 4 potions of curing
 j - a potion of haste
 o - a potion of magic
 q - a potion of lignification

Dungeon Overview and Level Annotations

Branches:
Dungeon (9/15)             Temple (1/1) D:7            Lair (1/5) D:9
    Orc (0/2) D:9         Ossuary (visited)

Altars:
Ashenzari
Cheibriados
Elyvilon
Fedhas
Gozag
Hepliaklqana
Kikubaaqudgha
Makhleb
Nemelex Xobeh
Okawaru
Qazlal
Ru
Sif Muna
Trog
Uskayaw
Vehumet
Wu Jian
Xom
Yredelemnul
Zin
The Shining One


Message History

The yak gores you but does no damage.
The death yak gores you but does no damage.
You block the death yak's attack.
Your base Shields skill increases to level 10!
You hit the yak but do no damage.
The yak is severely wounded.
You slash the death yak!
The death yak looks as sick as possible!
You hit the death yak but do no damage.
The death yak looks as sick as possible!
The death yak gores you! You block the yak's attack.
You slice the death yak!!
You kill the death yak!
Okawaru accepts your kill.
You barely miss the yak. You slash the death yak!
The death yak looks as sick as possible!
The blink frog blinks!
You barely miss the yak.
The yak is severely wounded.
You slash the death yak!
The death yak looks as sick as possible!
The yak gores you but does no damage. You block the death yak's attack.
The blink frog blinks!
You hit the yak.
The yak looks as sick as possible!
The yak is almost dead.
You slash the yak!
The yak is poisoned.
You completely miss the death yak. You block the yak's attack.
The yak gores you. The death yak gores you.
You hit the yak.
You kill the yak!
Okawaru accepts your kill.
You can now speed up your combat.
You slash the death yak!
The death yak looks as sick as possible!
You closely miss the yak.
The blink frog blinks!
The yak gores you but does no damage. The death yak gores you.
You slash the death yak!
The death yak is severely wounded.
You slash the yak!
The yak looks as sick as possible!
The blink frog blinks!
The yak gores you! The death yak gores you!
You die...

#.........## #.......~ ##
##.........## #....~~~ .##
#........ยค.## #...... ..#
#...........## #...... .##
#P............# ##...F.. ##
##............# #.......
#..........F.### #....FF..
##.........Y%..###..........
#.........@Y...............
###......%.#...............
##?......####.........../.
##....P..####Y....P.....##.
##....#####.........###.. #
##....#.###.F..[.....
##....P##..YY##F......
###.........##.# ..F...
#P..........###.. .....


You could see a death yak (extremely poisoned), a yak (extremely poisoned) and a
blink frog (poisoned).

Vanquished Creatures
  Erica (D:8)
  5 death yaks (Lair:1)
  An unseen horror (D:9)
  A troll (D:9)
  4 blink frogs (Lair:1)
  A shadow (D:9)
  15 yaks
  3 wyverns
  4 steam dragons
  A basilisk (Lair:1)
  2 water moccasins
  2 ice beasts
  An orc warrior (D:9)
  A hornet zombie (D:7)
  3 ogres
  A sky beast (D:7)
  3 black bears
  2 centaurs
  A phantom (D:7)
  2 kobold brigands (D:9)
  5 bullfrogs
  2 gnoll sergeants (D:9)
  2 scorpions
  2 water moccasin zombies (D:7)
  A wight (D:9)
  5 killer bees (D:9)
  5 howler monkeys
  A bullfrog zombie (D:7)
  2 quasits (D:7)
  4 centaur zombies
  2 hounds (D:5)
  3 human zombies (Ossuary)
  A jelly (D:5)
  3 orc priests
  2 sleepcaps
  3 iguanas
  11 orc wizards
  2 mummies (Ossuary)
  A howler monkey zombie (D:7)
  9 gnolls
  6 adders
  3 shadow imps (D:7)
  5 white imps
  2 ufetubi
  2 adder zombies (Ossuary)
  2 worms
  3 dart slugs
  11 orcs
  9 ball pythons
  4 endoplasms
  4 giant cockroaches
  9 goblins
  7 hobgoblins
  7 kobolds
  6 quokkas
  8 bats
  5 frilled lizards
  11 hobgoblin zombies (Ossuary)
  A jackal zombie (Ossuary)
  6 kobold zombies (Ossuary)
  12 orc zombies (Ossuary)
  7 rats
  A rat zombie (Ossuary)
251 creatures vanquished.

Notes
Turn   | Place    | Note
-------+----------+-------------------------------------------
     0 | D:1      | qw the Gargoyle Fighter began the quest for the Orb.
     0 | D:1      | Reached XP level 1. HP: 14/14 MP: 1/1
     0 | D:1      | 0 ||| qw: Version: 0.3-a-9-g12657ce
     0 | D:1      | 0 ||| qw: Game counter: 1203
     0 | D:1      | 0 ||| qw: Always use a shield: true
     0 | D:1      | 0 ||| qw: God list: Okawaru
     0 | D:1      | 0 ||| qw: Allow faded altars: false
     0 | D:1      | 0 ||| qw: Do Orc after D:15 true
     0 | D:1      | 0 ||| qw: Do second Lair branch before Depths: true
     0 | D:1      | 0 ||| qw: Lair rune preference: random
     0 | D:1      | 0 ||| qw: Plans: Normal, Zot:1-4, Slime:5, God:TSO, Crypt,
                  | Tomb, Abyss, Pan, Hells, Win
     0 | D:1      | 0 ||| PLANNING D:1-11
    23 | D:1      | Reached skill level 2 in Axes
    53 | D:1      | Reached XP level 2. HP: 19/19 MP: 2/2
   301 | D:1      | Reached skill level 3 in Axes
   310 | D:1      | 310 ||| Stepping ~*~*~tactically~*~*~ (stealth).
   324 | D:1      | 324 ||| Stepping ~*~*~tactically~*~*~ (stealth).
   330 | D:1      | 330 ||| Stepping ~*~*~tactically~*~*~ (hiding).
   339 | D:1      | Reached XP level 3. HP: 22/23 MP: 3/3
   396 | D:1      | 396 ||| SWAPPING to +0 broad axe.
   398 | D:1      | 398 ||| DROPPING +0 war axe.
   582 | D:1      | 582 ||| READING scroll labelled YNNOTUDDUOVU.
   583 | D:1      | 583 ||| READING scroll labelled MUMUURAEQEN.
   586 | D:1      | 586 ||| READING scroll labelled TUPTEXZU OMNY.
   653 | D:2      | 653 ||| DROPPING +0 club.
   767 | D:2      | Reached XP level 4. HP: 28/28 MP: 4/4
  1117 | D:2      | 1117 ||| Stepping ~*~*~tactically~*~*~ (hiding).
  1379 | D:2      | Reached skill level 1 in Throwing
  1382 | D:2      | 1382 ||| DROPPING orb of energy.
  1383 | D:2      | 1383 ||| UPGRADING to +4 ring of protection.
  1384 | D:2      | 1384 ||| READING scroll labelled JONTYS MAIFIF.
  1623 | D:3      | You fall into a shaft and drop 2 floors!
  1623 | D:5      | Entered Level 5 of the Dungeon
  1627 | D:4      | 1627 ||| PLANNING SEWER
  1740 | D:4      | Reached skill level 4 in Axes
  1825 | D:4      | Noticed an ogre
  1831 | D:4      | Killed an ogre
  1832 | D:4      | Reached XP level 5. HP: 20/32 MP: 5/5
  1960 | D:4      | Reached skill level 5 in Axes
  2139 | D:4      | 2139 ||| DROPPING +0 war axe of electrocution.
  2222 | D:4      | Reached XP level 6. HP: 37/39 MP: 6/6
  2394 | D:4      | 2394 ||| RIP SEWER
  2400 | D:4      | 2400 ||| PLANNING D:1-11
  2401 | D:4      | 2401 ||| UPGRADING to +0 helmet.
  2406 | D:4      | 2406 ||| READING 2 scrolls labelled ENEUZYOM HASMU.
  2407 | D:4      | 2407 ||| DRINKING 3 clear potions.
  2408 | D:4      | 2408 ||| READING 2 scrolls of identify.
  2408 | D:4      | 2408 ||| IDENTIFYING bubbling black potion
  2409 | D:4      | 2409 ||| DROPPING potion of brilliance.
  2410 | D:4      | 2410 ||| DROPPING scroll of fear.
  2481 | D:3      | 2481 ||| Stepping ~*~*~tactically~*~*~ (stealth).
  2482 | D:3      | 2482 ||| Stepping ~*~*~tactically~*~*~ (stealth).
  2484 | D:3      | 2484 ||| Stepping ~*~*~tactically~*~*~ (stealth).
  2485 | D:3      | 2485 ||| Stepping ~*~*~tactically~*~*~ (stealth).
  2506 | D:3      | Found a faded altar of an unknown god.
  2662 | D:3      | 2662 ||| FLEEEEING.
  2664 | D:3      | 2664 ||| FLEEEEING.
  2666 | D:3      | 2666 ||| FLEEEEING.
  2701 | D:3      | 2701 ||| DROPPING +0 mace.
  2780 | D:3      | 2780 ||| Stepping ~*~*~tactically~*~*~ (hiding).
  2793 | D:3      | 2793 ||| FLEEEEING.
  2813 | D:3      | Reached skill level 1 in Dodging
  3027 | D:3      | 3027 ||| Stepping ~*~*~tactically~*~*~ (stealth).
  3035 | D:3      | Found an ornate altar of the Wu Jian Council.
  3080 | D:3      | 3080 ||| READING scroll labelled DUPUPAI OCKISIXU.
  3081 | D:3      | 3081 ||| READING scroll labelled NOZI TELUS.
  3082 | D:3      | 3082 ||| READING scroll labelled XAQEH ROODIZA.
  3083 | D:3      | 3083 ||| READING scroll labelled OHIV TODIUBB.
  3084 | D:3      | 3084 ||| READING 3 scrolls of identify.
  3084 | D:3      | 3084 ||| IDENTIFYING orange potion
  3283 | D:5      | HP: 7/39 [something (3)]
  3294 | D:5      | 3294 ||| DRINKING 2 potions of heal wounds.
  3307 | D:5      | Reached XP level 7. HP: 16/44 MP: 7/7
  3341 | D:5      | 3341 ||| FLEEEEING.
  3342 | D:5      | 3342 ||| FLEEEEING.
  3343 | D:5      | 3343 ||| FLEEEEING.
  3344 | D:5      | 3344 ||| STAIRDANCE
  3523 | D:5      | Found a hide-covered altar of Uskayaw.
  3559 | D:5      | Reached skill level 6 in Axes
  3611 | D:5      | 3611 ||| Stepping ~*~*~tactically~*~*~ (hiding).
  3612 | D:5      | 3612 ||| Stepping ~*~*~tactically~*~*~ (hiding).
  3659 | D:5      | 3659 ||| Stepping ~*~*~tactically~*~*~ (stealth).
  3682 | D:5      | Reached skill level 7 in Axes
  3768 | D:5      | Reached XP level 8. HP: 30/49 MP: 8/8
  3901 | D:5      | Found a shimmering altar of Xom.
  3902 | D:5      | Found a hazy altar of Hepliaklqana.
  3903 | D:5      | Noticed a spectral ugly thing
  3987 | D:5      | Found a broken altar of Ashenzari.
  4235 | D:5      | 4235 ||| UPGRADING to +0 chain mail.
  4245 | D:5      | 4245 ||| DROPPING +0 scale mail.
  4246 | D:5      | 4246 ||| UPGRADING to +5 ring of evasion.
  4247 | D:5      | 4247 ||| READING scroll labelled KAED SEUG YN REO.
  4280 | D:5      | 4280 ||| READING 2 scrolls of identify.
  4280 | D:5      | 4280 ||| IDENTIFYING fuming ruby potion
  4281 | D:5      | 4281 ||| DROPPING potion of invisibility.
  4333 | D:6      | 4333 ||| PLANNING OSSUARY
  4363 | D:6      | 4363 ||| Stepping ~*~*~tactically~*~*~ (stealth).
  4467 | D:6      | Found a stormy altar of Qazlal.
  4516 | D:6      | Found a snail-covered altar of Cheibriados.
  4797 | D:6      | Found a sand-covered staircase.
  4798 | D:6      | 4798 ||| UPGRADING to +0 kite shield.
  4808 | D:6      | 4808 ||| DROPPING +0 buckler.
  4809 | D:6      | 4809 ||| READING scroll labelled ESORPHO UMINACS.
  4810 | D:6      | 4810 ||| READING scroll labelled VETUGH DUESH.
  4811 | D:6      | 4811 ||| READING scroll labelled UCUXI BUROFEIVO.
  4816 | Ossuary  | Entered an ossuary
  4900 | Ossuary  | 4900 ||| Stepping ~*~*~tactically~*~*~ (stealth).
  4901 | Ossuary  | 4901 ||| Stepping ~*~*~tactically~*~*~ (stealth).
  5029 | Ossuary  | 5029 ||| Stepping ~*~*~tactically~*~*~ (stealth).
  5030 | Ossuary  | 5030 ||| Stepping ~*~*~tactically~*~*~ (stealth).
  5092 | Ossuary  | 5092 ||| Stepping ~*~*~tactically~*~*~ (stealth).
  5094 | Ossuary  | 5094 ||| Stepping ~*~*~tactically~*~*~ (stealth).
  5135 | Ossuary  | 5135 ||| DRINKING 2 blue potions.
  5136 | Ossuary  | 5136 ||| DRINKING 7 silvery potions.
  5149 | D:6      | 5149 ||| PLANNING D:1-11
  5425 | D:7      | Reached skill level 6 in Shields
  5429 | D:7      | 5429 ||| DRINKING 6 potions of curing.
  5429 | D:7      | 5429 ||| (to cure confusion)
  5458 | D:7      | 5458 ||| FLEEEEING.
  5460 | D:7      | 5460 ||| STAIRDANCE
  5542 | D:7      | 5542 ||| Stepping ~*~*~tactically~*~*~ (hiding).
  5544 | D:7      | 5544 ||| Stepping ~*~*~tactically~*~*~ (hiding).
  5546 | D:7      | 5546 ||| Stepping ~*~*~tactically~*~*~ (hiding).
  5547 | D:7      | 5547 ||| Stepping ~*~*~tactically~*~*~ (hiding).
  5549 | D:7      | 5549 ||| Stepping ~*~*~tactically~*~*~ (hiding).
  5715 | D:7      | 5715 ||| Stepping ~*~*~tactically~*~*~ (stealth).
  5725 | D:7      | Reached XP level 9. HP: 39/54 MP: 9/9
  5730 | D:7      | 5730 ||| Stepping ~*~*~tactically~*~*~ (stealth).
  5777 | D:7      | Found a white marble altar of Elyvilon.
  5800 | D:7      | Reached skill level 8 in Axes
  5900 | D:7      | Found a basalt altar of Yredelemnul.
  5911 | D:7      | Reached skill level 6 in Fighting
  5913 | D:7      | 5913 ||| Stepping ~*~*~tactically~*~*~ (stealth).
  5918 | D:7      | 5918 ||| Stepping ~*~*~tactically~*~*~ (stealth).
  5920 | D:7      | 5920 ||| Stepping ~*~*~tactically~*~*~ (stealth).
  6003 | D:7      | Found a flagged portal.
  6033 | D:7      | 6033 ||| Stepping ~*~*~tactically~*~*~ (hiding).
  6135 | D:7      | 6135 ||| Stepping ~*~*~tactically~*~*~ (hiding).
  6171 | D:7      | Found a blossoming altar of Fedhas.
  6271 | D:7      | Found a staircase to the Ecumenical Temple.
  6272 | D:7      | 6272 ||| PLANNING TEMPLE
  6272 | D:7      | 6272 ||| UPGRADING to +0 pair of gloves.
  6277 | D:7      | 6277 ||| READING scroll labelled HIYMULI WOAVE.
  6278 | D:7      | 6278 ||| DRINKING 2 green potions.
  6341 | Temple   | Entered the Ecumenical Temple
  6484 | Temple   | 6484 ||| PLANNING D:1-11
  6598 | D:7      | Found a glowing silver altar of Zin.
  6652 | D:7      | Found a sacrificial altar of Ru.
  6926 | D:8      | 6926 ||| Stepping ~*~*~tactically~*~*~ (hiding).
  6941 | D:8      | Reached skill level 9 in Axes
  6947 | D:8      | Reached XP level 10. HP: 33/63 MP: 10/10
  7057 | D:8      | Found a burning altar of Makhleb.
  7068 | D:8      | 7068 ||| READING scroll of enchant weapon.
  7068 | D:8      | 7068 ||| ENCHANTING +1 broad axe of venom.
  7103 | D:8      | Found an iron altar of Okawaru.
  7104 | D:8      | 7104 ||| PLANNING OKAWARU WORSHIP
  7111 | D:8      | Became a worshipper of Warmaster Okawaru
  7112 | D:8      | 7112 ||| PLANNING D:1-11
  7435 | D:8      | Noticed Erica
  7445 | D:8      | Killed Erica
  7445 | D:8      | Reached * piety under Okawaru
  7446 | D:8      | Reached skill level 6 in Armour
  7570 | D:8      | 7570 ||| INVOKING Heroism.
  7617 | D:9      | Found a staircase to the Lair.
  7625 | D:9      | 7625 ||| Stepping ~*~*~tactically~*~*~ (hiding).
  7626 | D:9      | 7626 ||| Stepping ~*~*~tactically~*~*~ (hiding).
  7627 | D:9      | 7627 ||| Stepping ~*~*~tactically~*~*~ (hiding).
  7629 | D:9      | 7629 ||| Stepping ~*~*~tactically~*~*~ (hiding).
  7726 | D:9      | Reached skill level 1 in Invocations
  7768 | D:9      | Found a staircase to the Orcish Mines.
  7769 | D:9      | Identified the +2 robe of Fortitude {-Cast Contam rPois
                  | rCorr}
  7774 | D:9      | Found an ancient bone altar of Kikubaaqudgha.
  8004 | D:9      | Reached skill level 9 in Shields
  8007 | D:9      | 8007 ||| FLEEEEING.
  8008 | D:9      | 8008 ||| FLEEEEING.
  8009 | D:9      | 8009 ||| FLEEEEING.
  8010 | D:9      | 8010 ||| FLEEEEING.
  8012 | D:9      | 8012 ||| Stepping ~*~*~tactically~*~*~ (hiding).
  8013 | D:9      | 8013 ||| Stepping ~*~*~tactically~*~*~ (hiding).
  8015 | D:9      | 8015 ||| Stepping ~*~*~tactically~*~*~ (hiding).
  8034 | D:9      | 8034 ||| FLEEEEING.
  8035 | D:9      | 8035 ||| FLEEEEING.
  8036 | D:9      | 8036 ||| FLEEEEING.
  8037 | D:9      | 8037 ||| Stepping ~*~*~tactically~*~*~ (stealth).
  8063 | D:9      | 8063 ||| INVOKING Heroism.
  8162 | D:9      | 8162 ||| INVOKING Heroism.
  8175 | D:9      | Reached skill level 3 in Invocations
  8179 | D:9      | 8179 ||| INVOKING Heroism.
  8239 | D:9      | 8239 ||| INVOKING Heroism.
  8257 | D:9      | 8257 ||| Stepping ~*~*~tactically~*~*~ (stealth).
  8329 | D:9      | 8329 ||| INVOKING Heroism.
  8346 | D:9      | Killed an unseen horror
  8347 | D:9      | Reached skill level 10 in Axes
  8379 | D:9      | 8379 ||| Stepping ~*~*~tactically~*~*~ (hiding).
  8384 | D:9      | Reached ** piety under Okawaru
  8454 | D:9      | 8454 ||| DRINKING 5 potions of curing.
  8454 | D:9      | 8454 ||| (to cure confusion)
  8455 | D:9      | 8455 ||| Stepping ~*~*~tactically~*~*~ (hiding).
  8456 | D:9      | 8456 ||| Stepping ~*~*~tactically~*~*~ (hiding).
  8457 | D:9      | 8457 ||| Stepping ~*~*~tactically~*~*~ (hiding).
  8458 | D:9      | 8458 ||| Stepping ~*~*~tactically~*~*~ (hiding).
  8459 | D:9      | 8459 ||| Stepping ~*~*~tactically~*~*~ (hiding).
  8460 | D:9      | 8460 ||| Stepping ~*~*~tactically~*~*~ (hiding).
  8461 | D:9      | 8461 ||| Stepping ~*~*~tactically~*~*~ (hiding).
  8463 | D:9      | 8463 ||| Stepping ~*~*~tactically~*~*~ (hiding).
  8522 | D:9      | 8522 ||| Stepping ~*~*~tactically~*~*~ (stealth).
  8524 | D:9      | 8524 ||| Stepping ~*~*~tactically~*~*~ (stealth).
  8526 | D:9      | 8526 ||| Stepping ~*~*~tactically~*~*~ (hiding).
  8527 | D:9      | 8527 ||| Stepping ~*~*~tactically~*~*~ (hiding).
  8532 | D:9      | Reached XP level 11. HP: 68/68 MP: 14/14
  8921 | D:9      | 8921 ||| PLANNING LAIR
  8921 | D:9      | 8921 ||| UPGRADING to +0 plate armour.
  8931 | D:9      | 8931 ||| DROPPING +0 chain mail.
  8932 | D:9      | 8932 ||| UPGRADING to +0 pair of boots.
  8937 | D:9      | 8937 ||| READING 5 scrolls of identify.
  8937 | D:9      | 8937 ||| IDENTIFYING fuming dark potion
  8938 | D:9      | 8938 ||| READING 4 scrolls of identify.
  8938 | D:9      | 8938 ||| IDENTIFYING smoky grey potion
  8939 | D:9      | 8939 ||| DROPPING potion of berserk rage.
  8997 | Lair:1   | Entered Level 1 of the Lair of Beasts
  9189 | Lair:1   | Noticed a death yak
  9190 | Lair:1   | 9190 ||| INVOKING Heroism.
  9191 | Lair:1   | Noticed a death yak
  9192 | Lair:1   | Noticed a death yak
  9193 | Lair:1   | 9193 ||| Stepping ~*~*~tactically~*~*~ (stealth).
  9198 | Lair:1   | Killed a death yak
  9199 | Lair:1   | Noticed a death yak
  9200 | Lair:1   | 9200 ||| Stepping ~*~*~tactically~*~*~ (stealth).
  9200 | Lair:1   | Noticed a death yak
  9200 | Lair:1   | Noticed a death yak
  9201 | Lair:1   | 9201 ||| Stepping ~*~*~tactically~*~*~ (stealth).
  9207 | Lair:1   | Killed a death yak
  9211 | Lair:1   | Killed a death yak
  9211 | Lair:1   | Reached *** piety under Okawaru
  9212 | Lair:1   | Reached skill level 11 in Axes
  9212 | Lair:1   | 9212 ||| INVOKING Heroism.
  9212 | Lair:1   | HP: 11/68 [death yak (15)]
  9213 | Lair:1   | 9213 ||| READING 4 scrolls of teleportation.
  9213 | Lair:1   | HP: 2/68 [death yak (9)]
  9214 | Lair:1   | 9214 ||| DRINKING 3 potions of heal wounds.
  9215 | Lair:1   | 9215 ||| DRINKING 2 potions of heal wounds.
  9216 | Lair:1   | 9216 ||| DRINKING potion of heal wounds.
  9218 | Lair:1   | HP: 11/68 [yak (8)]
  9219 | Lair:1   | 9219 ||| READING 3 scrolls of teleportation.
  9222 | Lair:1   | HP: 2/68 [yak (10)]
  9269 | Lair:1   | 9269 ||| INVOKING Heroism.
  9278 | Lair:1   | HP: 15/68 [blink frog (4)]
  9279 | Lair:1   | 9279 ||| READING 2 scrolls of teleportation.
  9468 | Lair:1   | 9468 ||| Stepping ~*~*~tactically~*~*~ (stealth).
  9469 | Lair:1   | 9469 ||| INVOKING Heroism.
  9472 | Lair:1   | 9472 ||| Stepping ~*~*~tactically~*~*~ (stealth).
  9485 | Lair:1   | 9485 ||| INVOKING Heroism.
  9496 | Lair:1   | Killed a death yak
  9498 | Lair:1   | Killed a death yak
  9501 | Lair:1   | Reached **** piety under Okawaru
  9502 | Lair:1   | HP: 13/69 [yak (8)]
  9502 | Lair:1   | Slain by a death yak

Levels and vault maps discovered:
D:1:      grunt_arrival_crossed_arrows, layout_rooms,
          chequers_hall_statues_corner_a
D:2:      layout_basic
D:3:      layout_loops_ring, nicolae_wu_jian_immortal_techniques,
          hellmonk_ecumenical_altar_pennies_from_heaven, hex_medium,
          minmay_gold_behind_fungi
D:4:      layout_loops_corners, gup_sewer_entry_pipe
D:5:      layout_loops_ring, nicolae_uskayaw_murder_on_the_dancefloor,
          mainiacjoe_overflow_chevrons, regret_index_temple_of_mockery
D:6:      layout_basic, mainiacjoe_overflow_paths, mainiacjoe_overflow_catwalk,
          enter_ossuary_2
D:7:      layout_loops_ring, fedhas_bush_and_centaur_altar, lemuel_round_altar,
          mainiacjoe_overflow_surrounded_room, nicolae_yredelemnul_corpse_copse,
          nicolae_ru_path_of_blood, minmay_temple_entry_slanted, serial_demonic,
          serial_demonic_a, serial_demonic_d, serial_demonic_d,
          serial_demonic_b, enter_bailey_7, st_stairs_14
D:8:      layout_basic, grunt_temple_overflow_open, uniq_erica
D:9:      minmay_polygon_palace, layout_long_grid, lemuel_round_altar,
          lair_entry_dummy, orc_0_dummy
Temple:   hellmonk_temple_flake
Lair:1:   layout_cave_pods, small_statue_intersection,
          chequers_serial_rivers_small_a

Skill      XL: |  1  2  3  4  5  6  7  8  9 10 11 |
---------------+----------------------------------+-----
Axes           | 2 3 4 5 7 9 10 11 | 11.0
Throwing       | 1 2 |  2.4
Fighting       | 4 5 7 8 |  8.8
Dodging        | 1 |  1.2
Shields        | 7 8 9 10 | 10.4
Armour         | 4 6 8 |  8.0
Invocations    | 4 |  4.0

Action                     |  1- 3 |  4- 6 |  7- 9 | 10-12 || total
---------------------------+-------+-------+-------+-------++-------
  Melee: War axe           |    63 |       |       |       ||    63
         Broad axe         |    44 |   124 |   349 |   190 ||   707
  Throw: Javelin           |       |    32 |    26 |    29 ||    87
 Invoke: Heroism           |       |       |       |    11 ||    11
    Use: Scroll            |     3 |     8 |     6 |     6 ||    23
         Potion            |       |     2 |     4 |     4 ||    10
   Stab: Distracted        |       |       |       |     1 ||     1
 Armour: Scale mail        |    55 |   113 |    33 |       ||   201
         Chain mail        |       |       |   142 |    57 ||   199
         Plate armour      |       |       |       |    35 ||    35
  Dodge: Dodged            |    52 |    39 |   194 |    99 ||   384
  Block: Buckler           |    26 |    14 |    23 |       ||    63
         Kite shield       |       |       |   147 |   123 ||   270

Table legend:
 A = Non-vault XP
 B = Vault XP
 C = Vault XP percentage of total XP
 D = Non-vault monster count
 E = Vault monster count
 F = Vault count percentage of total count
                 A         B        C        D         E       F
            +---------+---------+-------+---------+---------+-------
      Total |   12893 |    4091 |  24.1 |     167 |      84 |  33.5
            +---------+---------+-------+---------+---------+-------
        D:1 |      51 |       0 |   0.0 |      29 |       0 |   0.0
        D:2 |      54 |       0 |   0.0 |      17 |       0 |   0.0
        D:3 |      93 |       0 |   0.0 |      20 |       0 |   0.0
        D:4 |     275 |       8 |   2.8 |      11 |       4 |  26.7
        D:5 |     899 |       0 |   0.0 |      17 |       0 |   0.0
        D:6 |     369 |       0 |   0.0 |       6 |       0 |   0.0
        D:7 |     636 |     785 |  55.2 |      11 |      21 |  65.6
        D:8 |    1801 |     834 |  31.7 |      13 |       1 |   7.1
        D:9 |    1145 |    2218 |  66.0 |      21 |      19 |  47.5
     Lair:1 |    7570 |       0 |   0.0 |      22 |       0 |   0.0
    Ossuary |       0 |     246 | 100.0 |       0 |      39 | 100.0
            +---------+---------+-------+---------+---------+-------
